 Dungeon Crawl Stone Soup version 0.23-a0-622-g59b4ea9 (console) character file.

45 bli the Shield-Bearer (level 3, -1/30 HPs)
             Began as a Formicid Fighter on Dec 23, 2018.
             Was a Believer of Ru.
             Slain by Grinder (3 damage)
             ... on level 4 of the Dungeon.
             The game lasted 00:10:08 (2057 turns).

bli the Shield-Bearer (Formicid Fighter)            Turns: 2057, Time: 00:10:09

Health: -1/30      AC:  7    Str: 21    XL:     3   Next: 90%
Magic:  3/3        EV:  8    Int:  8    God:    Ru [**....]
Gold:   222        SH:  9    Dex: 10    Spells: 2/2 levels left

rFire    . . .     SeeInvis +   a - +0 war axe
rCold    . . .     Gourm    .   c - +0 shield
rNeg     . . .     Faith    .   b - +0 scale mail
rPois    .         Spirit   .   (helmet unavailable)
rElec    .         Reflect  .   (no cloak)
rCorr    .         Harm     .   (no gloves)
MR       .....                  (no boots)
Stlth    ..........             (no amulet)
HPRegen  0.10/turn              (no ring)
MPRegen  0.08/turn              (no ring)

@: no status effects
A: permanent stasis, dig shafts and tunnels, four strong arms, antennae 3,
inexperienced 1
a: Dig, Shaft Self, Renounce Religion


You were on level 4 of the Dungeon.
You worshipped Ru.
Ru was pleased with you.
You were not hungry.

You visited 1 branch of the dungeon, and saw 4 of its levels.

You collected 222 gold pieces.

Inventory:

Hand Weapons
 a - a +0 war axe (weapon)
 e - a +0 hand axe
 o - a +0 hunting sling
 v - a +0 spear
 y - a +0 hunting sling
Missiles
 j - 5 needles of confusion
 k - 11 poisoned needles
 q - 95 stones (quivered)
Armour
 b - a +0 scale mail (worn)
 c - a +0 shield (worn)
 n - a +0 ring mail
Wands
 A - a wand of flame (18)
 C - a wand of acid (9)
Scrolls
 h - 2 scrolls of fear {unknown}
 i - a scroll of immolation {unknown}
 m - a scroll of enchant armour {unknown}
 p - 2 scrolls of amnesia {unknown}
 s - a scroll of blinking {unknown}
 u - a scroll of enchant weapon {unknown}
 w - a scroll of magic mapping {unknown}
 B - a scroll of identify {unknown}
Potions
 d - a potion of might
 l - a potion of resistance {unknown}
 r - 2 potions of flight {unknown}
 t - a potion of lignification {unknown}
 x - a potion of curing {unknown}
 z - a potion of ambrosia {unknown}
Comestibles
 f - 6 rations
 g - 5 chunks of flesh


   Skills:
 + Level 3.9 Fighting
 * Level 3.8 Axes
 + Level 3.7 Armour
 + Level 0.2 Dodging
 * Level 4.5 Shields


You had 2 spell levels left.
You didn't know any spells.
Your spell library was empty.

Dungeon Overview and Level Annotations

Branches:
Dungeon (4/15)
 Temple: D:4-7

Altars:
Ashenzari
Dithmenos
Elyvilon
Ru
Xom
The Shining One

Annotations:
D:4 Grinder


Innate Abilities, Weirdness & Mutations

You cannot be hasted, slowed, berserked, paralysed or teleported.
You can dig through walls and to a lower floor.
Your four strong arms can wield two-handed weapons with a shield.
You have a pair of large antennae on your head. (SInv)
You are somewhat inexperienced. (-2 XL)


Message History

You completely miss Grinder.
Grinder is heavily wounded.
Grinder hits you but does no damage.
You barely miss Grinder.
Grinder is heavily wounded.
You block Grinder's attack.
You hit Grinder.
Grinder is heavily wounded.
You hit the adder. The adder bites you but does no damage.
You redirect Grinder's attack!
Grinder barely misses you. You block the adder's attack.
You slash Grinder!
Grinder is almost dead.
You barely miss the worm. You barely miss the adder.
You redirect Grinder's attack!
Grinder drinks a potion.
Grinder is healed!
You block the adder's attack. The Grinder hits you.
* * * LOW HITPOINT WARNING * * *
You writhe in agony.
You die...

##.[<#....# #
####..#...#..##.
#....##...#..... #.
#...........#... #..
##...........##.. ....
#............# .. ....#
#.....>........ .
.....# #............#.
......##..#........##..
#..w#..##......##
#.5@..# #......
........S..# ....
...............$
.............##
....#.........#
....#......#..# ...
#......##.# .. ...<...#
.#


You could see Grinder, a worm and an adder.

Vanquished Creatures
  Jessica (D:2)
  2 adders (D:2)
  An ooze (D:2)
  4 worms
  2 dart slugs
  2 leopard geckos
  5 orcs (D:3)
  5 ball pythons
  3 bats
  4 giant cockroaches
  8 goblins
  5 hobgoblins
  3 jackals (D:1)
  10 kobolds
  5 frilled lizards
  7 rats
67 creatures vanquished.

Notes
Turn   | Place    | Note
-------+----------+-------------------------------------------
     0 | D:1      | bli the Formicid Fighter began the quest for the Orb.
     0 | D:1      | Reached XP level 1. HP: 18/18 MP: 1/1
   296 | D:1      | Reached XP level 2. HP: 24/24 MP: 2/2
   314 | D:1      | Reached skill level 4 in Shields
   472 | D:1      | Reached XP level 3. HP: 27/30 MP: 3/3
   919 | D:2      | Found a glowing golden altar of the Shining One.
   956 | D:2      | Found a sacrificial altar of Ru.
   956 | D:2      | Found a white marble altar of Elyvilon.
   963 | D:2      | Became a worshipper of Ru the Awakened
   977 | D:2      | Noticed Jessica
   993 | D:2      | Reached XP level 4. HP: 25/37 MP: 4/4
   994 | D:2      | Killed Jessica
  1106 | D:2      | Reached XP level 5. HP: 41/42 MP: 5/5
  1554 | D:3      | Gained mutation: You are somewhat inexperienced. (-2 XL)
                  | [Ru sacrifice]
  1554 | D:3      | Reached XP level 4. HP: 37/37 MP: 4/4
  1554 | D:3      | Reached XP level 3. HP: 30/30 MP: 3/3
  1554 | D:3      | Reached * piety under Ru
  1554 | D:3      | Reached ** piety under Ru
  1577 | D:3      | Found a shadowy altar of Dithmenos.
  1732 | D:3      | Found a shattered altar of Ashenzari.
  1938 | D:3      | Found a shimmering altar of Xom.
  2051 | D:4      | Noticed Grinder
  2057 | D:4      | Slain by Grinder

Vault maps used:
D:1:      psy_arrival_terrarium
D:2:      minmay_angry_zag, tso_altar, gammafunk_temple_overflow_elements,
          uniq_jessica
D:3:      nicolae_overflow_crystal_walls, overflow_temple_1_default,
          first_ration, ashenzari_altar_1
D:4:      lemuel_doored_altar, uniq_grinder

Skill      XL: |  1  2  3  4 |
---------------+-------------+-----
Shields        | 4 |  4.5
Axes           | 3 |  3.8
Fighting       | |  3.9
Armour         | |  3.7
Dodging        | |  0.2

Action                   |  1- 3 |  4- 6 || total
-------------------------+-------+-------++-------
Melee: War axe           |   164 |    49 ||   213
Throw: Stone             |       |     2 ||     2
Invok: Sacrifice Experie |     1 |       ||     1
 Abil: Dig               |       |     1 ||     1
  Eat: Chunk             |     2 |     2 ||     4
Armor: Scale mail        |    57 |    11 ||    68
       Ring mail         |     1 |       ||     1
Dodge: Dodged            |    49 |    14 ||    63
Block: Shield            |    91 |    15 ||   106

Table legend:
 A = Non-vault XP
 B = Vault XP
 C = Vault XP percentage of total XP
 D = Non-vault monster count
 E = Vault monster count
 F = Vault count percentage of total count
                 A         B        C        D         E       F
            +---------+---------+-------+---------+---------+-------
      Total |     158 |      40 |  20.2 |      64 |       3 |   4.5
            +---------+---------+-------+---------+---------+-------
        D:1 |      35 |       0 |   0.0 |      18 |       0 |   0.0
        D:2 |      71 |      40 |  36.0 |      20 |       3 |  13.0
        D:3 |      50 |       0 |   0.0 |      25 |       0 |   0.0
        D:4 |       2 |       0 |   0.0 |       1 |       0 |   0.0
            +---------+---------+-------+---------+---------+-------
